 Dungeon Crawl Stone Soup version 0.29.0-4-gdea44cf6ec (webtiles) character file.

Game seed: 9778694518788581655

23 qw the Chopper (level 2, 0/17 HPs)
             Began as a Tengu Warper on Aug 28, 2022.
             Slain by an adder (4 damage)
             ... on level 2 of the Dungeon.
             The game lasted 00:00:07 (1224 turns).

qw the Chopper (Tengu Warper)                       Turns: 1224, Time: 00:00:08

Health: 0/17       AC:  3    Str:  9 (11) XL:     2   Next: 95%
Magic:  6/6        EV: 11    Int: 11 (13) God:
Gold:   93         SH:  0    Dex: 10 (13) Spells: 5/5 levels left

rFire   . . .      SeeInvis .   Y - +0 war axe
rCold   . . .      Faith    .   (no shield)
rNeg    . . .      Spirit   .   b - +0 leather armour
rPois   .          Reflect  .   (helmet restricted)
rElec   .          Harm     .   (no cloak)
rCorr   .          Rampage  .   (no gloves)
Will    .....                   (boots unavailable)
Stlth   +.........              (no amulet)
HPRegen 0.05/turn               (no ring)
MPRegen 0.10/turn               (no ring)

@: lethally poisoned (0 -> -5)
A: beak, talons 3
a: no special abilities


You were on level 2 of the Dungeon.
You visited 1 branch of the dungeon, and saw 2 of its levels.

You collected 93 gold pieces.


Innate Abilities, Weirdness & Mutations

You have a beak for a mouth.
You have claws for feet.


   Skills:
 - Level 2.0 Fighting
 + Level 3.7 Axes
 - Level 1.0 Throwing
 - Level 1.1 Armour
 - Level 2.1 Dodging
 - Level 2.0 Spellcasting
 - Level 2.4 Translocations


You had 5 spell levels left.
You didn't know any spells.
Your spell library contained the following spells:

 Spells                   Type           Power      Damage    Failure   Level
 Blink                    Tloc           12%        N/A       22%         2
 Gell's Gravitas          Tloc           6%         N/A       41%         3
 Lesser Beckoning         Tloc           6%         N/A       41%         3
 Teleport Other           Tloc           6%         N/A       41%         3
 Manifold Assault         Tloc           6%         N/A       99%         5

Inventory:

Hand Weapons
 a - a +0 club
 Y - a +0 war axe (weapon)
Armour
 b - a +0 leather armour (worn)
Jewellery
 d - a +6 ring of intelligence
Potions
 c - a potion of curing {unknown}
 e - a potion of cancellation {unknown}

Dungeon Overview and Level Annotations

Branches:
Dungeon (2/15)

Altars:


Message History

The ball python constricts you.
You hit the ball python.
You kill the ball python!
A bat comes into view.
The bat moves out of view.
Enter note: A bat is nearby!
You closely miss the bat. Your kick misses the bat. Your peck misses the bat.
The bat barely misses you. The bat hits you but does no damage.
The bat barely misses you.
You hit the bat.
You kill the bat!
Found a book of Flames.
Enter note: You now have 93 gold pieces (gained 7).
A goblin comes into view. It is wielding a +0 club.
The goblin shouts!
Enter note: You slash the goblin!
You kill the goblin!
You see here a +0 club.
Found 6 large rocks.
An adder comes into view.
1216 ||| Stepping ~*~*~tactically~*~*~ (stealth).
The adder bites you.
You hit the adder.
The adder is moderately wounded.
The adder bites you.
You barely miss the adder.
The adder is moderately wounded.
The adder closely misses you. The adder bites you.
You closely miss the adder.
The adder is moderately wounded.
The adder bites you but does no damage. The adder bites you.
You are lethally poisoned!
The adder poisons you!
You closely miss the adder.
The adder is lightly wounded.
You feel sick. The adder bites you.
You die...

## ## ##.#.#
##.#@#
##.#.#S#
##(#.###.#
##.#.## #.#
#### ##.#.##
#.# ...#
##.#.## #.#
##.# ##.#.##
#.# #
##.####.#.##
#. # .....#
#.#.## ###


You could see an adder.

Vanquished Creatures
  A dart slug (D:1)
  2 bats
  2 endoplasms
  5 goblins
  A hobgoblin (D:1)
  5 ball pythons
  A frilled lizard (D:1)
  A kobold (D:2)
  3 rats
21 creatures vanquished.

Notes
Turn   | Place    | Note
-------+----------+-------------------------------------------
     0 | D:1      | qw the Tengu Warper began the quest for the Orb.
     0 | D:1      | Reached XP level 1. HP: 12/12 MP: 4/4
     0 | D:1      | 0 ||| qw: Version: 0.1-a-89-g26bdef1
     0 | D:1      | 0 ||| qw: Game counter: 1206
     0 | D:1      | 0 ||| qw: Always use a shield: true
     0 | D:1      | 0 ||| qw: God list: Okawaru
     0 | D:1      | 0 ||| qw: Allow faded altars: false
     0 | D:1      | 0 ||| qw: Do Orc after D:15 true
     0 | D:1      | 0 ||| qw: Do second Lair branch before Depths: true
     0 | D:1      | 0 ||| qw: Lair rune preference: random
     0 | D:1      | 0 ||| qw: Plans: Normal
     0 | D:1      | 0 ||| PLANNING D:1-11
    40 | D:1      | 40 ||| Stepping ~*~*~tactically~*~*~ (stealth).
    41 | D:1      | 41 ||| Stepping ~*~*~tactically~*~*~ (stealth).
   218 | D:1      | 218 ||| Stepping ~*~*~tactically~*~*~ (hiding).
   333 | D:1      | Found a faded altar of an unknown god.
   333 | D:1      | Noticed a floating eye
   343 | D:1      | Noticed a shining eye
   349 | D:1      | Noticed a shining eye
   353 | D:1      | Noticed a golden eye
   371 | D:1      | 371 ||| SWAPPING to +0 war axe.
   378 | D:1      | Reached XP level 2. HP: 17/17 MP: 6/6
   378 | D:1      | 378 ||| DROPPING +0 hand axe.
   466 | D:1      | Reached skill level 3 in Axes
   760 | D:1      | 760 ||| READING 2 scrolls labelled WORANUIHEG.
   761 | D:1      | 761 ||| READING scroll labelled AXUPLEAPLI.
   764 | D:1      | 764 ||| READING scroll labelled DIZASUSUOH.
   765 | D:1      | 765 ||| READING scroll labelled REL ONKOHOOSM.
   766 | D:1      | 766 ||| READING scroll labelled JIFOIGOERR.
   767 | D:1      | 767 ||| DRINKING 3 fizzy cyan potions.
   768 | D:1      | 768 ||| DROPPING scroll of blinking.
   769 | D:1      | 769 ||| DROPPING 2 potions of degeneration.
   770 | D:1      | 770 ||| DROPPING scroll of butterflies.
   800 | D:2      | 800 ||| STAIRDANCE
   853 | D:2      | 853 ||| Stepping ~*~*~tactically~*~*~ (stealth).
   854 | D:2      | 854 ||| Stepping ~*~*~tactically~*~*~ (hiding).
   876 | D:2      | 876 ||| Stepping ~*~*~tactically~*~*~ (stealth).
  1216 | D:2      | 1216 ||| Stepping ~*~*~tactically~*~*~ (stealth).
  1224 | D:2      | HP: 4/17 [poisoned by an adder]
  1224 | D:2      | Slain by an adder

Levels and vault maps discovered:
D:1:      sevenhm_arrival_forest_fort_small_4, layout_rooms,
          hellmonk_ecumenical_altar_watching_god
D:2:      minmay_inner_zag, layout_loops_cross, due_unseen_surprise

Skill      XL: |  1  2 |
---------------+-------+-----
Axes           | 3 |  3.7
Fighting       | |  2.0
Throwing       | |  1.0
Armour         | |  1.1
Dodging        | |  2.1
Spellcasting   | |  2.0
Translocations | |  2.4

Action                   || total
-------------------------++-------
Melee: Hand axe          ||     9
       War axe           ||    45
       Kick              ||     6
       Peck              ||     2
Throw: Boomerang         ||     7
  Use: Scroll            ||     5
       Potion            ||     1
Armor: Leather armour    ||    10
Dodge: Dodged            ||    29

Table legend:
 A = Non-vault XP
 B = Vault XP
 C = Vault XP percentage of total XP
 D = Non-vault monster count
 E = Vault monster count
 F = Vault count percentage of total count
                 A         B        C        D         E       F
            +---------+---------+-------+---------+---------+-------
      Total |      33 |       0 |   0.0 |      21 |       0 |   0.0
            +---------+---------+-------+---------+---------+-------
        D:1 |      17 |       0 |   0.0 |      10 |       0 |   0.0
        D:2 |      16 |       0 |   0.0 |      11 |       0 |   0.0
            +---------+---------+-------+---------+---------+-------
